[Event "Titled Tuesday Blitz May 9 Early 2023"]
[White "Namitbir Singh Walia"]
[Black "Fernandez Siles, Luis"]
[WhiteFideId "35071068"]
[BlackFideId "2209420"]
[WhiteElo "2239"]
[BlackElo "2195"]
[Result "1-0"]
[Round "05"]
[TimeControl "180+2"]
[Date "2023.05.09"]
[WhiteClock "0:00:08"]
[BlackClock "0:00:00"]

1. e4 c5 2. Nf3 Nc6 3. d4 cxd4 4. Nxd4 Nf6 5. Nc3 e5 6. Ndb5 d6 7. Bg5 a6 8. Na3 b5 9. Nd5 Be7 10. Bxf6 Bxf6 11. c3 O-O 12. Nc2 Rb8 13. a4 bxa4 14. Ncb4 Nxb4 15. Nxb4 Bb7 16. Qxa4 a5 17. Qxa5 Bxe4 18. Qxd8 Rfxd8 19. f3 Bb7 20. Ba6 Ra8 21. O-O Bxa6 22. Rxa6 Rxa6 23. Nxa6 Ra8 24. Nb4 Bd8 25. Rd1 Bb6+ 26. Kf1 Bc5 27. Nd3 Kf8 28. Nxc5 dxc5 29. Rd5 Ra2 30. Rxc5 Rxb2 31. Rxe5 Rc2 32. Re3 h5 33. h4 f6 34. Kg1 Kf7 35. Kh2 g5 36. hxg5 fxg5 37. Kh3 Kf6 38. Rd3 Kf5 39. Rd5+ Kf6 40. Rc5 Kg6 41. Rc6+ Kg7 42. c4 Rc3 43. Kg3 g4 44. c5 gxf3 45. gxf3 h4+ 46. Kxh4 Rxf3 47. Kg4 Rf1 48. Rc8 Kf7 49. c6 Rc1 50. Kf5 Ke7 51. Ke5 Rc5+ 52. Kd4 Kd6 53. Rd8+ Ke7 54. Kxc5 1-0


[Site "https://www.chess.com"]

[Event "Titled Tuesday Blitz May 9 Early 2023"]
[White "Shubenkova, Veronika"]
[Black "Turzo, Attila"]
[WhiteFideId "44124040"]
[BlackFideId "704954"]
[WhiteElo "2060"]
[BlackElo "2478"]
[Result "0-1"]
[Round "05"]
[TimeControl "180+2"]
[Date "2023.05.09"]
[WhiteClock "0:00:05"]
[BlackClock "0:00:14"]

1. e4 c5 2. Nc3 g6 3. g3 Bg7 4. Bg2 Nc6 5. d3 d6 6. f4 Nf6 7. Nf3 Bg4 8. O-O Nd4 9. Rb1 O-O 10. Ne2 Nxf3+ 11. Bxf3 Bxf3 12. Rxf3 d5 13. e5 Ne8 14. Be3 d4 15. Bd2 f6 16. e6 Qd5 17. Rf2 f5 18. c3 Qxa2 19. cxd4 cxd4 20. Bb4 Qxe6 21. Qd2 Nd6 22. Re1 Qd5 23. Nc1 Rfe8 24. Rfe2 e5 25. Bxd6 Qxd6 26. fxe5 Rxe5 27. Rxe5 Bxe5 28. Qa5 Bf6 29. Qb5 Qc6 30. Qb3+ Kg7 31. Na2 Bg5 32. Nb4 Be3+ 33. Rxe3 Qc1+ 34. Kg2 Qxe3 35. Nd5 Qe2+ 36. Kg1 b6 37. Nf4 Qe3+ 38. Kg2 Re8 39. Qd5 Qe5 40. Qd7+ Re7 41. Qd8 g5 42. Nh3 h6 43. Nf2 Rf7 44. h4 gxh4 45. Qxh4 f4 46. Ne4 fxg3 47. Qg4+ Kh7 48. Qh4 Qf4 49. Qh5 Qf1+ 50. Kxg3 Rg7+ 51. Ng5+ Rxg5+ 0-1


[Site "https://www.chess.com"]

[Event "Titled Tuesday Blitz May 9 Early 2023"]
[White "Mohammed, Zozek Salah Mohammed"]
[Black "Bochnicka, Vladimir"]
[WhiteFideId "4803361"]
[BlackFideId "14943450"]
[WhiteElo "2211"]
[BlackElo "2094"]
[Result "1-0"]
[Round "05"]
[TimeControl "180+2"]
[Date "2023.05.09"]
[WhiteClock "0:00:55"]
[BlackClock "0:00:11"]

1. d4 Nf6 2. Nf3 g6 3. g3 Bg7 4. Bg2 O-O 5. O-O d6 6. c4 Nc6 7. b3 e5 8. dxe5 dxe5 9. Ba3 Re8 10. Qxd8 Rxd8 11. Nc3 Bf5 12. Rad1 Ne4 13. Nd5 Rd7 14. Nh4 Rad8 15. Nxf5 gxf5 16. Bh3 Nd4 17. e3 Ne2+ 18. Kg2 c6 19. Ne7+ Kh8 20. Rxd7 Rxd7 21. Bxf5 Rd2 22. Bxe4 Rxa2 23. Bc5 Nc3 24. Bf5 a5 25. Bc8 b5 26. Nxc6 bxc4 27. bxc4 a4 28. Bd6 a3 29. Nxe5 Kg8 30. Nf3 Ne4 31. Bb4 Bf8 32. Bxf8 Kxf8 33. Bf5 Nc3 34. Bxh7 Rb2 35. Ra1 a2 36. Nd4 Ke7 37. Nb5 Rb1 38. Bxb1 axb1=Q 39. Rxb1 Nxb1 40. c5 Nc3 41. Nxc3 1-0


[Site "https://www.chess.com"]

[Event "Titled Tuesday Blitz May 9 Early 2023"]
[White "Lopez Del Alamo, Antonio"]
[Black "Devaev, Alexander"]
[WhiteFideId "2227339"]
[BlackFideId "4169395"]
[WhiteElo "2175"]
[BlackElo "2172"]
[Result "0-1"]
[Round "05"]
[TimeControl "180+2"]
[Date "2023.05.09"]
[WhiteClock "0:00:00"]
[BlackClock "0:00:33"]

1. e4 c6 2. d4 d5 3. e5 Bf5 4. c4 e6 5. Nc3 Ne7 6. Nge2 Nd7 7. Ng3 Bg6 8. h4 h6 9. h5 Bh7 10. Bd3 Bxd3 11. Qxd3 dxc4 12. Qxc4 Nd5 13. Bd2 N7b6 14. Qb3 c5 15. dxc5 Bxc5 16. Qb5+ Nd7 17. Nxd5 exd5 18. Rc1 Qb6 19. Qe2 O-O 20. b4 Bxb4 21. O-O Bxd2 22. Qxd2 Nxe5 23. Nf5 Qf6 24. Nd4 Rfc8 25. Rce1 Nc4 26. Qd3 Re8 27. Rxe8+ Rxe8 28. Nf3 Ne5 29. Qxd5 Nxf3+ 30. Qxf3 Qxf3 31. gxf3 Re5 32. Rb1 b6 33. Rc1 Rxh5 34. Rc8+ Kh7 35. Rc7 Ra5 36. Rxf7 Rxa2 37. Rb7 Kg6 38. Kg2 Kf6 0-1


[Site "https://www.chess.com"]

[Event "Titled Tuesday Blitz May 9 Early 2023"]
[White "Kalajzic, Ivan"]
[Black "Toktomushev, Teimur"]
[WhiteFideId "14506378"]
[BlackFideId "14176726"]
[WhiteElo "2203"]
[BlackElo "2116"]
[Result "1-0"]
[Round "05"]
[TimeControl "180+2"]
[Date "2023.05.09"]
[WhiteClock "0:00:45"]
[BlackClock "0:00:00"]

1. b3 e5 2. Bb2 Nc6 3. e3 Nf6 4. Bb5 Bd6 5. Na3 Na5 6. Be2 O-O 7. Nb5 Nc6 8. Nxd6 cxd6 9. Nf3 Re8 10. O-O d5 11. d4 e4 12. Ne5 d6 13. Nxc6 bxc6 14. c4 dxc4 15. bxc4 Be6 16. Bc3 Rb8 17. Qa4 Qd7 18. Rab1 Bg4 19. Bxg4 Nxg4 20. d5 Rbc8 21. h3 Nh6 22. Rfd1 f6 23. Rd2 Nf7 24. Rbd1 Re7 25. Ba1 cxd5 26. Qxd7 Rxd7 27. cxd5 Rdc7 28. Bd4 a6 29. Rb2 Rc2 30. Rdb1 Rc1+ 31. Rxc1 Rxc1+ 32. Kh2 h6 33. Rb8+ Kh7 34. Ra8 Rc2 35. Rxa6 Rxf2 36. a4 Ng5 37. Ra7 Nf3+ 38. Kg3 Nxd4 39. Kxf2 Nb3 40. a5 Nc5 41. Ra8 Nd3+ 42. Kf1 Nb4 43. a6 Nxd5 44. a7 1-0


[Site "https://www.chess.com"]

[Event "Titled Tuesday Blitz May 9 Early 2023"]
[White "Ciolacu, Alessia-Mihaela"]
[Black "Hoffmann, Asa"]
[WhiteFideId "1252640"]
[BlackFideId "2001470"]
[WhiteElo "1937"]
[BlackElo "2117"]
[Result "0-1"]
[Round "05"]
[TimeControl "180+2"]
[Date "2023.05.09"]
[WhiteClock "0:00:16"]
[BlackClock "0:00:30"]

1. c4 Nf6 2. d4 c5 3. d5 e5 4. Nc3 d6 5. Qc2 Be7 6. g3 O-O 7. Bg2 Ne8 8. e4 f5 9. Nge2 Bg5 10. f4 exf4 11. Nxf4 Qf6 12. O-O Na6 13. Kh1 Bd7 14. a3 Nac7 15. Nh5 Qh6 16. Bxg5 Qxg5 17. Nf4 Nf6 18. Nh3 Qh5 19. Nf4 Qh6 20. exf5 Ng4 21. Be4 Ne3 22. Qd3 Nxf1 23. Rxf1 Rae8 24. Ne6 Nxe6 25. dxe6 Bc6 26. Nd5 Bxd5 27. Qxd5 Qe3 28. Kg2 Re7 29. Bb1 Qe5 30. Qxe5 dxe5 31. Be4 Rd8 32. Bd5 b5 33. b3 bxc4 34. bxc4 Rb8 35. Re1 Rb3 36. a4 Rb4 37. Bc6 Rc7 38. Rd1 Kf8 39. Bb5 Ke7 40. Rd5 a6 41. Bxa6 Rxa4 42. Bb5 Ra2+ 43. Kh3 Re2 44. Bd7 e4 45. g4 h6 46. Kg3 e3 47. Kf3 Re1 48. Bb5 Ra7 49. h4 Ra3 50. g5 e2+ 51. Kf2 Rh1 52. Rd7+ Kf8 53. Kxe2 Rh2+ 54. Ke1 Ra1+ 55. Rd1 Rh1+ 56. Ke2 Raxd1 57. f6 Rde1+ 58. Kd2 Rxe6 0-1


[Site "https://www.chess.com"]

[Event "Titled Tuesday Blitz May 9 Early 2023"]
[White "Manukian, Artak"]
[Black "Zampronha, Wladimir Camilo"]
[WhiteFideId "13301373"]
[BlackFideId "2103087"]
[WhiteElo "2130"]
[BlackElo "2176"]
[Result "0-1"]
[Round "05"]
[TimeControl "180+2"]
[Date "2023.05.09"]
[WhiteClock "0:00:00"]
[BlackClock "0:00:25"]

1. e4 c5 2. Nf3 e6 3. c3 Nf6 4. e5 Nd5 5. d4 cxd4 6. cxd4 b6 7. Nc3 Bb7 8. Bd3 Nxc3 9. bxc3 Qc7 10. O-O d6 11. Bf4 Nd7 12. Re1 Be7 13. Rc1 O-O 14. exd6 Bxd6 15. Bxd6 Qxd6 16. Ne5 Nxe5 17. dxe5 Qc7 18. Qh5 g6 19. Qh6 Rfd8 20. Re3 Qc6 21. Bf1 Qc5 22. Rce1 Rd2 23. Qf4 Rad8 24. Rf3 Bxf3 25. Qxf3 Rxa2 26. h4 Rdd2 27. h5 Qxf2+ 28. Qxf2 Rxf2 29. h6 Kf8 30. Re4 Ke7 31. Rc4 Rfd2 32. Rc8 Ra1 33. Rh8 Rdd1 34. Kf2 Rxf1+ 35. Kg3 Rac1 36. Rxh7 Rxc3+ 37. Kh2 Rcc1 38. Rh8 Rh1+ 39. Kg3 f6 40. h7 fxe5 41. Ra8 Kf6 42. h8=Q+ Rxh8 43. Rxh8 b5 44. Rb8 Rb1 45. Kg4 a5 46. Rf8+ Ke7 47. Ra8 a4 48. Kg5 Kd6 49. g4 Kc5 50. Kxg6 Kb4 51. Kf6 a3 52. g5 Kb3 53. g6 Rg1 54. g7 a2 55. Ra5 b4 56. Kf7 e4 57. Ra6 Rxg7+ 58. Kxg7 e3 59. Rxe6 a1=Q+ 60. Kg6 Qd4 61. Kf5 Kc3 62. Re4 Qxe4+ 0-1


[Site "https://www.chess.com"]

[Event "Titled Tuesday Blitz May 9 Early 2023"]
[White "Abdilkhair, Abilmansur"]
[Black "Rosenberg, Evan S"]
[WhiteFideId "13716417"]
[BlackFideId "2019299"]
[WhiteElo "2215"]
[BlackElo "2256"]
[Result "1-0"]
[Round "05"]
[TimeControl "180+2"]
[Date "2023.05.09"]
[WhiteClock "0:00:56"]
[BlackClock "0:00:00"]

1. d4 d5 2. c4 e6 3. Nf3 c5 4. Nc3 cxd4 5. Nxd4 e5 6. Nb3 d4 7. Ne4 f5 8. Ng3 a5 9. e3 a4 10. Nd2 dxe3 11. fxe3 Bc5 12. Nf3 Qxd1+ 13. Kxd1 Nc6 14. a3 Nf6 15. Kc2 O-O 16. Bd2 h6 17. Be2 f4 18. exf4 exf4 19. Bxf4 Bg4 20. Rad1 Rae8 21. Bd6 Bxd6 22. Rxd6 Ne4 23. Nxe4 Rxe4 24. Bd3 Re3 25. Nd4 Rf2+ 26. Kc3 Ne5 27. Rd8+ Kf7 28. Nc2 Rxc2+ 29. Kxc2 Nxd3 30. Rf1+ Kg6 31. Rd6+ Kh7 32. Rxd3 Re2+ 33. Rd2 Re4 34. h3 Be6 35. c5 Rc4+ 36. Kb1 Rxc5 37. Rd4 Bb3 38. Rb4 b5 39. Rd4 Rc2 40. Rg4 h5 41. Rg5 g6 42. h4 b4 43. axb4 Re2 44. b5 Bc2+ 45. Ka2 Bd3 46. b6 Re6 47. Rf7+ Kg8 48. Rb7 Bc4+ 49. Ka3 Bb3 50. Rc5 Re1 51. Rc8+ 1-0


[Site "https://www.chess.com"]

[Event "Titled Tuesday Blitz May 9 Early 2023"]
[White "Fan_Of_Chucky"]
[Black "Pourkashiyan, Atousa"]
[BlackFideId "12502014"]
[WhiteElo "2407"]
[BlackElo "2228"]
[Result "0-1"]
[Round "05"]
[TimeControl "180+2"]
[Date "2023.05.09"]
[WhiteClock "0:00:00"]
[BlackClock "0:01:33"]

1. d4 Nf6 2. Bg5 e6 3. e4 h6 4. Bxf6 Qxf6 5. c3 d5 6. e5 Qd8 7. Nf3 c5 8. Be2 Qb6 9. Qb3 c4 10. Qc2 Bd7 11. b3 cxb3 12. axb3 Nc6 13. Nbd2 Rc8 14. Qd3 Na5 15. Rb1 a6 16. O-O Bb5 17. c4 Bc6 18. Rfc1 Bb4 19. cxd5 exd5 20. Qf5 O-O 21. Bd3 g6 22. Qf6 Bxd2 23. Nxd2 Qxd4 24. Bxg6 Qxd2 25. f4 d4 26. Rc2 Qe3+ 27. Rf2 Be4 0-1


[Site "https://www.chess.com"]

[Event "Titled Tuesday Blitz May 9 Early 2023"]
[White "Andreassen, Lars"]
[Black "Gutkin, Ilya"]
[WhiteFideId "1504878"]
[BlackFideId "16203470"]
[WhiteElo "2119"]
[BlackElo "2265"]
[Result "0-1"]
[Round "05"]
[TimeControl "180+2"]
[Date "2023.05.09"]
[WhiteClock "0:02:27"]
[BlackClock "0:01:58"]

1. d4 e6 2. Nf3 Nf6 3. Bg5 c5 4. e3 Nc6 5. c3 d5 6. Bd3 Bd6 7. O-O Qc7 8. Nbd2 e5 9. dxe5 Nxe5 10. Nxe5 Bxe5 11. Nf3 Bd6 12. h3 Bd7 13. Bxf6 gxf6 14. Be2 Bc6 15. a4 O-O-O 16. Bb5 Rhg8 17. Bxc6 Qxc6 18. b4 Kb8 19. bxc5 Bxc5 20. Rb1 Qe6 21. Kh1 Rxg2 22. Kxg2 Rg8+ 23. Kh1 Qxh3+ 24. Nh2 Qg2# 0-1


[Site "https://www.chess.com"]

[Event "Titled Tuesday Blitz May 9 Early 2023"]
[White "Yosha_Iglesias"]
[Black "Vidruska, Renate"]
[BlackFideId "11601841"]
[WhiteElo "2425"]
[BlackElo "1976"]
[Result "0-1"]
[Round "05"]
[TimeControl "180+2"]
[Date "2023.05.09"]
[WhiteClock "0:00:06"]
[BlackClock "0:00:29"]

1. d4 d5 2. Nf3 Nf6 3. e3 e6 4. Bd3 c5 5. c3 cxd4 6. exd4 b6 7. Nbd2 Nbd7 8. O-O Bb7 9. Re1 Be7 10. Ne5 Nxe5 11. dxe5 Nd7 12. Nf3 Rc8 13. Bf4 h6 14. Rc1 Nc5 15. Bb1 Ne4 16. Nd4 a6 17. Qh5 g6 18. Qh3 Bg5 19. Nxe6 fxe6 20. Qxe6+ Kf8 21. Bxe4 dxe4 22. Qxg6 Bxf4 23. Qf5+ Kg7 24. Qxf4 Qg5 25. Qxg5+ hxg5 26. Rcd1 Rhd8 27. Kf1 Kg6 28. g4 Kf7 29. Rd6 Rxd6 30. exd6 Rd8 31. Rd1 Ke6 32. Kg2 Rxd6 33. Rxd6+ Kxd6 34. Kg3 Ke5 35. h4 gxh4+ 36. Kxh4 Kf4 37. c4 Bc8 38. g5 Be6 39. b3 Kf3 0-1


[Site "https://www.chess.com"]

[Event "Titled Tuesday Blitz May 9 Early 2023"]
[White "Hayrapetyan, Hovik"]
[Black "Fabris, Alberto"]
[WhiteFideId "13302639"]
[BlackFideId "801348"]
[WhiteElo "2348"]
[BlackElo "2166"]
[Result "1-0"]
[Round "05"]
[TimeControl "180+2"]
[Date "2023.05.09"]
[WhiteClock "0:00:08"]
[BlackClock "0:00:00"]

1. d4 Nf6 2. c4 e6 3. Nc3 Bb4 4. Nf3 O-O 5. Bg5 h6 6. Bh4 b6 7. e4 Be7 8. e5 Nh7 9. Bg3 Bb7 10. h4 d6 11. Bd3 dxe5 12. dxe5 Bb4 13. Qc2 Bxc3+ 14. bxc3 g6 15. h5 Ng5 16. hxg6 Nxf3+ 17. gxf3 Qg5 18. f4 Qg4 19. Rh4 Qf3 20. Rxh6 Nd7 21. Be2 Qe4 22. Qxe4 Bxe4 23. O-O-O Nc5 24. Bh4 fxg6 25. Bf6 Rxf6 26. exf6 Kf7 27. Rh7+ Kxf6 28. Rxc7 a5 29. f3 Bf5 30. Rh1 Rf8 31. Kd2 Na4 32. Rb7 1-0


[Site "https://www.chess.com"]

[Event "Titled Tuesday Blitz May 9 Early 2023"]
[White "Titichoca Daza, Daniel"]
[Black "Kejzar, Petra"]
[WhiteFideId "3309550"]
[BlackFideId "14610213"]
[WhiteElo "2101"]
[BlackElo "2089"]
[Result "1-0"]
[Round "05"]
[TimeControl "180+2"]
[Date "2023.05.09"]
[WhiteClock "0:00:21"]
[BlackClock "0:00:46"]

1. b3 d5 2. Bb2 Nf6 3. e3 Bf5 4. Ne2 c6 5. Ng3 Bg6 6. Be2 e6 7. h4 h5 8. d3 Nbd7 9. Nd2 Be7 10. Nf3 Ng4 11. Bxg7 Rg8 12. Bb2 Qc7 13. Qd2 O-O-O 14. O-O-O Nxf2 15. Qe1 Nxd1 16. Bxd1 Bxd3 17. Nxh5 Be4 18. Nf4 Bf6 19. Bxf6 Nxf6 20. h5 Rh8 21. Qh4 Nd7 22. Ng5 Ne5 23. Nxe4 dxe4 24. Qf6 Ng4 25. Bxg4 Qa5 26. Kb2 Rhg8 27. Be2 b5 28. Qxf7 b4 29. Qxe6+ Kb8 30. Qxe4 Rde8 31. Qd4 c5 32. Qd6+ Qc7 33. Qxc7+ Kxc7 34. Nd5+ Kd6 35. Nf6 Rxe3 36. Nxg8 Rxe2 37. h6 Rxg2 38. h7 c4 39. h8=Q c3+ 40. Kc1 Rf2 41. Qf6+ Rxf6 42. Nxf6 Ke6 43. Ng4 Kd5 44. Nf2 Kc5 45. Nd3+ Kb5 46. Rh4 a5 47. a4+ bxa3 48. Ra4 Ka6 49. Rxa3 Kb6 50. Ra4 Kb5 51. Ne5 Kb6 52. Nc4+ Kb5 53. Rxa5+ Kc6 54. Rh5 Kb7 55. b4 Kc6 56. b5+ Kb7 57. Rh6 Kc7 58. b6+ Kb7 59. Na5+ Ka6 60. b7+ Ka7 61. Rh8 Kb6 62. b8=Q+ Kc5 63. Qe5+ Kb4 64. Rh4+ Ka3 65. Qxc3+ Ka2 66. Ra4# 1-0


[Site "https://www.chess.com"]

[Event "Titled Tuesday Blitz May 9 Early 2023"]
[White "Brueckner, Thomas"]
[Black "Aaditya Dhingra"]
[WhiteFideId "4600452"]
[BlackFideId "25678191"]
[WhiteElo "2322"]
[BlackElo "2083"]
[Result "0-1"]
[Round "05"]
[TimeControl "180+2"]
[Date "2023.05.09"]
[WhiteClock "0:00:05"]
[BlackClock "0:00:19"]

1. Nf3 Nf6 2. g3 g6 3. Bg2 Bg7 4. O-O d6 5. d3 O-O 6. e4 c5 7. Nbd2 Nc6 8. a4 Rb8 9. Nc4 b6 10. Re1 e5 11. Bg5 h6 12. Bxf6 Bxf6 13. Ne3 Bg7 14. Nd2 Be6 15. c3 Kh7 16. Ndc4 Rc8 17. Rf1 f5 18. exf5 gxf5 19. Nd5 Ne7 20. Nxe7 Qxe7 21. Ne3 f4 22. Nd5 Qf7 23. c4 f3 24. Bh1 Bxd5 25. cxd5 Qxd5 26. Re1 Rf7 27. Re3 Rcf8 28. Qc2 Kh8 29. Rae1 h5 30. Re4 Rf5 31. Rh4 Bf6 32. Rhe4 Kg7 33. R1e3 Bg5 34. Re1 Kh6 35. h4 Be7 36. Qd2+ Kh7 37. Qc2 Kg7 38. Kf1 Qe6 39. Qc3 Bf6 40. d4 cxd4 41. Qxd4 d5 42. R4e3 e4 43. Qd2 Be5 44. Rd1 Bf6 45. Rde1 Re5 46. Qc2 Kg8 47. Kg1 Bg7 48. Qb3 Re8 49. Qb5 d4 50. Qxe8+ Qxe8 0-1


[Site "https://www.chess.com"]

[Event "Titled Tuesday Blitz May 9 Early 2023"]
[White "wqws"]
[Black "Manon-og, Ramon Jr."]
[BlackFideId "5200776"]
[WhiteElo "2532"]
[BlackElo "2329"]
[Result "1-0"]
[Round "05"]
[TimeControl "180+2"]
[Date "2023.05.09"]
[WhiteClock "0:00:14"]
[BlackClock "0:00:00"]

1. e4 c5 2. Nf3 d6 3. d4 cxd4 4. Nxd4 Nf6 5. Nc3 a6 6. f3 e5 7. Nb3 Be7 8. Be3 O-O 9. Qd2 Be6 10. g4 Nbd7 11. O-O-O b5 12. Kb1 b4 13. Nd5 Bxd5 14. exd5 Nb6 15. Na5 Nfxd5 16. Nc6 Qd7 17. Nxe7+ Qxe7 18. Bxb6 Nxb6 19. Qxb4 Qc7 20. Rxd6 Rab8 21. Rd1 Rfc8 22. Qe4 a5 23. Bd3 g6 24. Rhe1 Nd7 25. h4 Rb4 26. Qe3 Rcb8 27. b3 a4 28. Be4 axb3 29. cxb3 Nf6 30. Rc1 Qa5 31. g5 Qa3 32. Rc3 Nxe4 33. fxe4 Rd4 34. Rec1 Rbd8 35. Rc8 Rxc8 36. Rxc8+ Kg7 37. Qf3 Qd6 38. Qf6+ Qxf6 39. gxf6+ Kxf6 40. a4 Rxe4 41. a5 Rb4 42. Kb2 Rb5 43. Rc6+ Kf5 44. a6 e4 45. a7 Ra5 46. Rc5+ Rxc5 47. a8=Q e3 48. Qf3+ 1-0


[Site "https://www.chess.com"]

[Event "Titled Tuesday Blitz May 9 Early 2023"]
[White "Balint, Vilmos"]
[Black "Thorhallsson, Simon"]
[WhiteFideId "718050"]
[BlackFideId "2310090"]
[WhiteElo "2034"]
[BlackElo "2108"]
[Result "1-0"]
[Round "05"]
[TimeControl "180+2"]
[Date "2023.05.09"]
[WhiteClock "0:00:50"]
[BlackClock "0:00:01"]

1. e4 c5 2. Nf3 g6 3. d4 cxd4 4. Qxd4 Nf6 5. e5 Nc6 6. Qc3 Nd5 7. Qd2 Nb6 8. Bb5 Bg7 9. Bxc6 dxc6 10. Qxd8+ Kxd8 11. b3 Bg4 12. Bb2 Bxf3 13. gxf3 Nd5 14. Nd2 Kc7 15. O-O-O Rad8 16. Ne4 h6 17. e6 Bxb2+ 18. Kxb2 f5 19. Nc5 b6 20. Nd7 Nf4 21. Rhe1 Rhg8 22. Ne5 Rd5 23. c4 Rd6 24. Rxd6 Kxd6 25. Nf7+ Kc7 26. Nxh6 Rh8 27. Nf7 Rxh2 28. Rd1 Rxf2+ 29. Ka3 Nxe6 30. Ne5 Nc5 31. Nxg6 Rxf3 32. Nxe7 f4 33. Ng6 Rf2 34. b4 Ne4 35. Ne5 Rxa2+ 36. Kb3 Rd2 37. Rf1 Rf2 38. Rd1 Nf6 39. Ra1 Kb7 40. Rh1 Re2 41. Nf7 f3 42. Rh6 Ne4 43. Rh7 f2 44. Ne5+ Ka6 45. Nxc6 Re3+ 46. Kb2 b5 47. c5 Re2+ 48. Kb3 Re3+ 49. Kc2 Re2+ 50. Kd3 Rd2+ 51. Kxe4 Re2+ 52. Kd3 Rc2 53. Rxa7# 1-0


[Site "https://www.chess.com"]

[Event "Titled Tuesday Blitz May 9 Early 2023"]
[White "Bilan, Danila"]
[Black "De Souza, Cristiano Gomes"]
[WhiteFideId "24161918"]
[BlackFideId "2151758"]
[WhiteElo "2182"]
[BlackElo "2068"]
[Result "0-1"]
[Round "05"]
[TimeControl "180+2"]
[Date "2023.05.09"]
[WhiteClock "0:00:10"]
[BlackClock "0:00:58"]

1. d4 Nf6 2. Nf3 g6 3. Bg5 Bg7 4. c3 d6 5. Nbd2 h6 6. Bh4 g5 7. Bg3 Nh5 8. e3 e6 9. Bd3 Qe7 10. Qc2 Nd7 11. a4 a6 12. a5 Ndf6 13. e4 Nxg3 14. hxg3 Bd7 15. Nc4 Nxe4 16. Bxe4 d5 17. Nce5 dxe4 18. Qxe4 O-O-O 19. Nxd7 Rxd7 20. O-O h5 21. b4 g4 22. Ne5 Bxe5 23. Qxe5 Rh6 24. b5 Rd5 25. Qe3 Qg5 26. c4 Qxe3 27. fxe3 Rf5 28. Rxf5 exf5 29. Rf1 h4 30. Rxf5 hxg3 31. Rxf7 axb5 32. cxb5 Rh5 33. a6 bxa6 34. bxa6 Ra5 35. Rg7 Ra1# 0-1


[Site "https://www.chess.com"]

[Event "Titled Tuesday Blitz May 9 Early 2023"]
[White "Begunov, Konstantin"]
[Black "Barbot, Pierre"]
[WhiteFideId "4118510"]
[BlackFideId "663727"]
[WhiteElo "2050"]
[BlackElo "2431"]
[Result "0-1"]
[Round "05"]
[TimeControl "180+2"]
[Date "2023.05.09"]
[WhiteClock "0:00:00"]
[BlackClock "0:00:01"]

1. d4 Nf6 2. c4 g6 3. f3 c5 4. dxc5 Qa5+ 5. Nc3 Qxc5 6. e4 Bg7 7. Qd3 Nc6 8. Be3 Qb4 9. Qd2 O-O 10. Nh3 d6 11. Nf2 Be6 12. Rc1 Ne5 13. b3 a5 14. Be2 Bd7 15. f4 Neg4 16. Nxg4 Nxg4 17. Bxg4 Bxg4 18. O-O Bd7 19. a4 Bc6 20. Nd5 Qxd2 21. Bxd2 e6 22. Nc7 Rac8 23. Nb5 Rcd8 24. Bxa5 Rd7 25. Rfe1 d5 26. exd5 exd5 27. Bb4 Rfd8 28. c5 d4 29. Nd6 Bf8 30. Rcd1 b6 31. Nb5 bxc5 32. Ba5 Rb8 33. b4 Bxb5 34. axb5 Rxb5 35. Re8 Kg7 0-1


[Site "https://www.chess.com"]

[Event "Titled Tuesday Blitz May 9 Early 2023"]
[White "Zaichenko, Daria"]
[Black "Hossain, Enamul"]
[WhiteFideId "4197453"]
[BlackFideId "10200649"]
[WhiteElo "2039"]
[BlackElo "2433"]
[Result "0-1"]
[Round "05"]
[TimeControl "180+2"]
[Date "2023.05.09"]
[WhiteClock "0:00:02"]
[BlackClock "0:00:28"]

1. e4 c5 2. Nf3 Nc6 3. d4 cxd4 4. Nxd4 Nf6 5. Nc3 e5 6. Ndb5 d6 7. Bg5 a6 8. Na3 b5 9. Nd5 Be7 10. Bxf6 Bxf6 11. c3 Rb8 12. Nc2 Bg5 13. Be2 O-O 14. O-O Be6 15. Nce3 Bxe3 16. Nxe3 Ne7 17. Nd5 Nxd5 18. exd5 Bd7 19. f4 Qb6+ 20. Kh1 f5 21. fxe5 dxe5 22. b3 Qd6 23. c4 bxc4 24. bxc4 e4 25. Qd4 Rfc8 26. Rac1 Rc5 27. Rb1 Rbc8 28. Rb7 R5c7 29. Rfb1 Qa3 30. d6 Rxb7 31. Rxb7 Qc1+ 32. Qg1 Qd2 33. Rxd7 Qxe2 34. Rc7 Rxc7 35. dxc7 Qxc4 36. Qa7 Qc1+ 37. Qg1 Qxc7 38. h3 h6 39. Qd4 Qf4 40. Qc4+ Kh7 41. Qxa6 Qc1+ 42. Kh2 Qf4+ 43. Kg1 e3 44. Qe2 Qe4 45. a4 f4 46. a5 Qb1+ 47. Kh2 Qa1 48. a6 Qa5 49. Qd3+ Kg8 50. Qc4+ Kh7 51. Qxf4 Qxa6 52. Qe4+ Qg6 53. Qxe3 Qd6+ 54. Qg3 Qd4 55. Qf3 Qe5+ 56. Qg3 Qf6 57. Qf3 Qd6+ 58. Qg3 Qe7 59. Qf4 Kh8 60. Qg3 Qf6 61. Qb8+ Kh7 62. Qb1+ Qg6 63. Qxg6+ Kxg6 64. Kg3 Kf5 65. Kf3 h5 66. g4+ hxg4+ 67. hxg4+ Ke5 68. Ke3 g5 69. Kf3 Kd4 70. Kf2 Ke4 71. Ke2 Kf4 72. Kf2 Kxg4 73. Kg2 Kf4 74. Kf2 g4 75. Kg2 g3 76. Kf1 Kf3 77. Kg1 g2 78. Kh2 Kf2 0-1


[Site "https://www.chess.com"]

[Event "Titled Tuesday Blitz May 9 Early 2023"]
[White "Jovic, Stanoje"]
[Black "Szente Varga, Fruzsina"]
[WhiteFideId "905020"]
[BlackFideId "712264"]
[WhiteElo "2236"]
[BlackElo "1994"]
[Result "1-0"]
[Round "05"]
[TimeControl "180+2"]
[Date "2023.05.09"]
[WhiteClock "0:00:12"]
[BlackClock "0:00:00"]

1. c4 e5 2. g3 g6 3. d4 e4 4. Bg2 f5 5. f3 exf3 6. Nxf3 Bg7 7. Nc3 Nf6 8. e4 fxe4 9. Ng5 O-O 10. O-O Nc6 11. d5 Ne5 12. Ngxe4 Nxe4 13. Nxe4 Nxc4 14. d6 Rxf1+ 15. Bxf1 Nxd6 16. Nxd6 cxd6 17. Qxd6 Qb6+ 18. Qxb6 axb6 19. Bc4+ Kf8 20. Be3 Bxb2 21. Rf1+ Ke8 22. Rf7 h5 23. Rh7 Ra5 24. Bf7+ Kf8 25. Bxg6 Bg7 26. Rxh5 Rxa2 27. Rf5+ Ke7 28. Rf7+ Ke6 29. Rxg7 d5 30. h4 Kf6 31. Rg8 Be6 32. Bd4+ Ke7 33. Rg7+ Kd6 34. Rxb7 Bh3 35. Rxb6+ Kc7 36. Rb2 Ra1+ 37. Kh2 Bg4 38. h5 Rf1 39. h6 Bf3 40. Rg2 Bxg2 41. Kxg2 Rf8 42. h7 Kd6 43. Bf7 Ke7 44. Bg8 1-0


[Site "https://www.chess.com"]

[Event "Titled Tuesday Blitz May 9 Early 2023"]
[White "Sarkar, Justin"]
[Black "koncheto"]
[WhiteFideId "2010011"]
[WhiteElo "2168"]
[BlackElo "2469"]
[Result "1-0"]
[Round "05"]
[TimeControl "180+2"]
[Date "2023.05.09"]
[WhiteClock "0:00:17"]
[BlackClock "0:00:05"]

1. c3 Nf6 2. Nf3 e6 3. d4 c5 4. Bg5 d5 5. e3 Bd6 6. Nbd2 Nbd7 7. Bd3 Qe7 8. O-O e5 9. e4 dxe4 10. Nxe4 cxd4 11. cxd4 exd4 12. Re1 Be5 13. Nxe5 Nxe5 14. f4 Bg4 15. Qd2 Nxe4 16. Rxe4 f6 17. fxe5 fxg5 18. Rxg4 O-O 19. Qxg5 Qc7 20. e6 Rae8 21. Re1 Re7 22. Qh5 g6 23. Bxg6 hxg6 24. Rxg6+ Rg7 25. e7 Re8 26. Rxg7+ Kxg7 27. Qxe8 Qa5 28. Qf8+ Kh7 29. Qf7+ Kh6 30. Qe6+ Kg5 31. e8=Q Qd2 32. Q6g6+ Kh4 33. Qg3# 1-0


[Site "https://www.chess.com"]

[Event "Titled Tuesday Blitz May 9 Early 2023"]
[White "Bueno, Alfeu Junior Varela"]
[Black "Shukhman, Anna"]
[WhiteFideId "2108879"]
[BlackFideId "54180058"]
[WhiteElo "2175"]
[BlackElo "2235"]
[Result "1-0"]
[Round "05"]
[TimeControl "180+2"]
[Date "2023.05.09"]
[WhiteClock "0:00:01"]
[BlackClock "0:00:05"]

1. e4 Nf6 2. e5 Nd5 3. c4 Nb6 4. d4 d6 5. exd6 cxd6 6. Nc3 g6 7. Be3 Bg7 8. Rc1 O-O 9. b3 d5 10. c5 Nc6 11. cxb6 e5 12. Nce2 exd4 13. Nxd4 Bxd4 14. Bxd4 Re8+ 15. Be2 axb6 16. a4 Bg4 17. Be3 Bxe2 18. Nxe2 d4 19. Nxd4 Qxd4 20. O-O Qb4 21. Rc4 Qa5 22. Bd2 Qf5 23. Bc3 Rad8 24. Qc1 Ne5 25. Rc7 Rd3 26. Ba1 Nf3+ 27. gxf3 Rxf3 28. Rc3 Qg4+ 29. Kh1 Qe4 30. Kg1 Qg4+ 31. Kh1 Qe4 32. Rc4 Qd5 33. Kg1 Rf5 34. f4 Re2 35. Rf2 Rxf2 36. Kxf2 Qd7 37. Qc3 Rc5 38. Qg7# 1-0


[Site "https://www.chess.com"]